[Event "Late-Titled-Tuesday-Blitz-March-26-2024"]
[Site "Chess.com"]
[Date "2024.03.26"]
[Round "5"]
[White "xakevicius91"]
[Black "GMKrikor"]
[Result "0-1"]
[WhiteElo "2534"]
[BlackElo "2824"]
[TimeControl "180+1"]
[EndTime "14:58:47 PDT"]
[Termination "GMKrikor won by checkmate"]

1. e4 c5 2. Nf3 Nc6 3. Bc4 e6 4.
O-O Nf6 5. Re1 d6 6. Bb3 Be7 7. c3 O-O 8. d4 b5 9. Nbd2 Bb7 10. h3 Rc8 11. Nf1 Qc7 12. Ng3 cxd4 13. cxd4 Na5 14. Bg5 Nxb3 15. Qxb3 Qc4 16. Qe3 Rfe8 17. Rec1 Qb4 18.
a3 Qxb2 19. Rcb1 Qc3 20. Bxf6 Bxf6 21. Qxc3 Rxc3 22. Rxb5 Ba8 23. a4 g6 24. Rab1 Rc7 25. Rb8 Rcc8 26. R8b4 Be7 27. R4b2 Kg7 28. a5 Rc7 29.
Rb8 Rec8 30. Rxc8 Rxc8 31. Kf1 Bd8 32. Ra1 Rb8 33. Nd2 Rb5 34. a6 Bb6 35. Ke2 Bxd4 36. Rc1 Bc5 37. f3 Kf6 38. Nc4 Ke7 39. Nf1 Bc6 40. Nfe3 Bd7 41. g4 Bc8 42. Ra1 Rb3 43.
h4 Bd7 44. h5 Bb5 45. Kd2 Bxc4 46. Nxc4 Rxf3 47. hxg6 hxg6 48. Rb1 Rf4 49. Rb7+ Kf6 50.
Kd3 Rxg4 51. Rc7 Rg3+ 52. Kd2 Rg4 53. Kd3 e5 54. Rc6 Ke6 55. Rc7 Rg3+ 56. Kd2 Rg2+ 57. Kd3 Ra2 58. Rc8 Rxa6 59. Rh8 Ra1 60. Kc2 Re1 61.
Kd3 Rd1+ 62. Kc2 Rd4 63. Nd2 Bb4 64. Nb3 Rxe4 65. Kd3 Rf4 66. Rb8 a5 67. Rb7 g5 68.
Nc1 g4 69. Ne2 Rf3+ 70. Ke4 d5# 0-1

[Event "Late-Titled-Tuesday-Blitz-March-26-2024"]
[Site "Chess.com"]
[Date "2024.03.26"]
[Round "5"]
[White "stolencandy13"]
[Black "Zhigalko_Sergei"]
[Result "0-1"]
[WhiteElo "2659"]
[BlackElo "2894"]
[TimeControl "180+1"]
[EndTime "14:58:51 PDT"]
[Termination "Zhigalko_Sergei won by resignation"]

1. d4 Nf6 2. Bf4 d5 3. e3 c5 4. c3 Nc6 5. Nd2 Bf5 6. Qb3 Qd7 7. dxc5 e5 8. Bg3 Bxc5 9. Ngf3 Bd6 10. Bb5 Qe7 11.
Bh4 Be6 12. Qa4 O-O 13. O-O Rfc8 14. e4 a6 15. Bd3 b5 16. Qd1 d4 17. cxd4 exd4 18.
Re1 Bg4 19. h3 Bh5 20. Qb1 Ne5 21. Nxe5 Bxe5 22. g3 Qb4 23. Nb3 Nd7 24. f4 Bb8 25. e5 Nf8 26. Be4 Ra7 27. g4 Bg6 28. f5 Bxe5 29. fxg6 hxg6 30. Qd3 Rac7 31. Rac1 Qd6 32. Rxc7 Rxc7 33. Rc1 Ne6 34. Rxc7 Qxc7 35. Bf2 Nf4 36. Qf3 Qd6 37. Bd3 Qe6 38. Bf1 Qd6 39. Qe4 g5 40. Nc1 g6 41. Nd3 Nxd3 42. Bxd3 Kg7 43. a4 bxa4 44. Bc4 Bf6 45. Qd5 Qe7 46. Kg2 d3 47. Bxd3 Bxb2 48. Bd4+ Bxd4 49. Qxd4+ Qf6 50. Qxf6+ Kxf6 51. Bxa6 a3 52. Bc4 Ke7 53. Kf3 f5 54. Ba2 Kd6 55. Bb1 Ke5 56. Ke3 Kd5 57. Ba2+ Kc5 58.
Bf7 Kb4 59. Kd3 f4 60. Ke4 Kc3 61. h4 gxh4 62. Kxf4 g5+ 63. Kf3 Kb2 64. Ke4 a2 65.
Bxa2 Kxa2 66. Kf5 h3 67. Kxg5 h2 68. Kf6 h1=Q 69. g5 Qf3+ 70. Ke6 Qg4+ 71. Kf6 Qf4+ 72.
Kg6 Kb3 73. Kh5 Kc4 74. g6 Qf6 75. Kh6 Qh8+ 76. Kg5 Qg7 77. Kf5 Kd5 0-1

[Event "Late-Titled-Tuesday-Blitz-March-26-2024"]
[Site "Chess.com"]
[Date "2024.03.26"]
[Round "5"]
[White "aa175"]
[Black "sergoy"]
[Result "1-0"]
[WhiteElo "2748"]
[BlackElo "2913"]
[TimeControl "180+1"]
[EndTime "14:58:53 PDT"]
[Termination "aa175 won by resignation"]

1. d4 Nf6 2. Nf3 e6 3. Bf4 b6 4.
e3 Bb7 5. Nbd2 Be7 6. h3 c5 7.
Bd3 Nc6 8. c3 d6 9. Qe2 O-O 10.
O-O Rc8 11. a3 d5 12. a4 Bd6 13. Ne5 Qc7 14. Ndf3 Ne4 15. Nxc6 Bxc6 16. Bxd6 Nxd6 17. Ne5 g6 18. Qg4 c4 19. Bc2 Rce8 20. h4 f6 21. Bxg6 hxg6 22. Qxg6+ Kh8 23. Qh6+ Kg8 24. Qg6+ Kh8 25.
Nxc6 Nf5 26. Qh5+ Kg8 27. Nb4 Qd6 28. a5 b5 29. e4 dxe4 30. Qg4+ Kf7 31. Qxe4 Rg8 32.
Rfe1 Rg7 33. d5 Nh6 34. dxe6+ Kg8 35. Qd5 Qc7 36. e7+ Kh8 37. Qh5 Rexe7 38. Qxh6+ Kg8 39.
Rxe7 Qxe7 40. Qe3 Qb7 41. g3 Qd7 42. Qd4 Qh3 43. Qd5+ Kh8 44. Qa8+ Kh7 45. Qg2 Qd7 46. Nd5 Rf7 47. Nf4 Re7 48. Rf1 Qd2 49. Qd5 Qxb2 50. Qh5+ Kg8 51. Qg6+ Rg7 52. Qxf6 b4 53. Qe6+ Kh8 54.
Qe8+ Kh7 55. Qh5+ Kg8 56. Qd5+ Kh8 57. Qd8+ Kh7 58. Ne6 Qxc3 59. Nxg7 Kxg7 60. Qe7+ Kg6 61. Qg5+ Kf7 62. Qf5+ Kg7 63. Qd7+ Kf6 64. Qd6+ Kf7 65.
Qd5+ Kf6 66. Qc6+ Kf7 67. Qb7+ Kf6 68. Qa6+ Kf5 69. Qb5+ Kf6 70. Rd1 b3 71. Rd6+ Ke7 72. Qd7+ Kf8 73. Qc8+ Ke7 74. Qc7+ 1-0

[Event "Late-Titled-Tuesday-Blitz-March-26-2024"]
[Site "Chess.com"]
[Date "2024.03.26"]
[Round "5"]
[White "esrosenberg"]
[Black "BilicVladimir"]
[Result "0-1"]
[WhiteElo "2488"]
[BlackElo "2650"]
[TimeControl "180+1"]
[EndTime "14:58:53 PDT"]
[Termination "BilicVladimir won on time"]

1. d4 d5 2. c4 c6 3. Nc3 Nf6 4. e3 a6 5. Nf3 b5 6. b3 Bg4 7. h3 Bxf3 8. gxf3 e6 9. Bd2 Nbd7 10.
cxd5 cxd5 11. Bd3 Bd6 12. f4 g6 13. Ne2 O-O 14. Ng1 Qe7 15. Nf3 Bb4 16. Ne5 Rfc8 17.
O-O Bxd2 18. Qxd2 Nxe5 19. fxe5 Nh5 20. Kh2 Qh4 21. Rg1 Rc7 22. Rg4 Qe7 23. Rag1 Rac8 24. R1g2 Kh8 25. Rg5 Ng7 26. R5g4 Nf5 27. Bxf5 exf5 28. R4g3 Rc2 29. Qa5 Qe6 30. a4 bxa4 31. bxa4 R2c4 32. f4 Qc6 33. Ra2 Rc3 34. Qb4 Rc1 35. Qe7 Kg8 36. h4 Re8 37. Qf6 Qxf6 38. exf6 Re6 39. Rb2 Rxf6 40. Rb8+ Kg7 41. h5 Rfc6 42.
Rd8 R6c2+ 43. Rg2 Rxg2+ 44. Kxg2 Rc4 45. a5 Ra4 46. Rxd5 Kh6 47. hxg6 fxg6 48. Kf3 Kh5 49. Rd7 h6 50. d5 Rxa5 51. d6 Rd5 52. e4 Rd3+ 53. Ke2 fxe4 54. Rd8 a5 55. d7 a4 56. f5 gxf5 57. Rf8 Rxd7 58. Rxf5+ Kg4 59. Ra5 Rd4 60. Ke3 Rb4 61. Ra8 h5 62. Rg8+ Kh3 63. Kf4 h4 64.
Rg1 Kh2 65. Rg4 h3 66. Rg8 Kh1 67. Kg3 h2 68. Kh3 Rb3+ 69. Kh4 a3 0-1

[Event "Late-Titled-Tuesday-Blitz-March-26-2024"]
[Site "Chess.com"]
[Date "2024.03.26"]
[Round "5"]
[White "Iball95"]
[Black "TheCount"]
[Result "1/2-1/2"]
[WhiteElo "2874"]
[BlackElo "2660"]
[TimeControl "180+1"]
[EndTime "14:58:56 PDT"]
[Termination "Game drawn - insufficient material"]

1. e4 c5 2. Nf3 Nc6 3. Nc3 g6 4.
d4 cxd4 5. Nxd4 Bg7 6. Nxc6 bxc6 7. Bc4 Qc7 8. O-O Nf6 9. Re1 d6 10. Bf4 e5 11. Bg5 O-O 12. Qd2 Be6 13. Bb3 Rfe8 14. Rad1 Rad8 15. h3 Bxb3 16. axb3 Rd7 17. Qe3 Qb6 18.
Qf3 Re6 19. Rd2 h6 20. Be3 Qc7 21. Red1 Re8 22. Qe2 Red8 23. Qc4 d5 24. exd5 cxd5 25. Qxc7 Rxc7 26. Nxd5 Nxd5 27. Rxd5 Rxd5 28. Rxd5 Rxc2 29.
Rd8+ Kh7 30. Bxa7 Rxb2 31. Rb8 e4 32. g3 Bc3 33. Bc5 g5 34. b4 f5 35. b5 f4 36.
gxf4 gxf4 37. b6 e3 38. fxe3 f3 39. Rf8 Rb5 40. Rc8 Rb2 41. e4 Be5 42. Rf8 Rb5 43. Be3 Rb3 44. Rxf3 Bd4 45. Kf2 Bxb6 46. Bxb6 Rxb6 47. Rg3 h5 48. Ke3 Rb1 49. Kf4 Rf1+ 50.
Ke5 Kh6 51. Ke6 h4 52. Re3 Rg1 53. e5 Rg3 54. Re4 Kg5 55. Kf7 Rf3+ 56. Kg7 Kf5 57. Rxh4 Kxe5 58. Rh6 Rg3+ 59. Kf7 Kf5 60. h4 Kg4 61.
Kg7 Ra3 62. h5 Ra7+ 63. Kf8 Ra8+ 64. Ke7 Ra7+ 65. Kf8 Ra8+ 66. Ke7 Ra7+ 67. Kd8 Ra8+ 68. Kc7 Ra5 69. Rh8 Rxh5 70. Rxh5 Kxh5 1/2-1/2

[Event "Late-Titled-Tuesday-Blitz-March-26-2024"]
[Site "Chess.com"]
[Date "2024.03.26"]
[Round "5"]
[White "Statham_01"]
[Black "stollenmonster"]
[Result "0-1"]
[WhiteElo "2617"]
[BlackElo "2870"]
[TimeControl "180+1"]
[EndTime "14:58:59 PDT"]
[Termination "stollenmonster won by resignation"]

1. e4 c5 2. a3 e5 3. Nf3 Nc6 4. Nc3 Nf6 5. Bc4 h6 6. d3 d6 7. h3 g6 8. Be3 Bg7 9. Qd2 Nd4 10. O-O-O Rb8 11. Ba2 Qe7 12. Nh2 Be6 13. Ng4 Bxa2 14. Nxa2 Nd7 15. Nc3 Qe6 16. Nd5 Rc8 17. f4 Nb6 18.
Bxd4 cxd4 19. f5 gxf5 20. Nxb6 axb6 21. exf5 Qxf5 22. Kb1 Qe6 23. Qb4 f5 24. Nf2 Rc6 25. g4 O-O 26. gxf5 Rxf5 27. Ne4 d5 28. Ng3 Rg5 29.
Rdg1 Qg6 30. Ne2 e4 31. h4 Rg2 32. Rxg2 Qxg2 33. Rg1 Qf2 34. Qe7 Qf6 35. Qe8+ Qf8 36. Qh5 Qf7 37. Qg4 exd3 38. cxd3 Kh7 39. Nf4 Rf6 40.
Nh5 Rg6 41. Qxg6+ Qxg6 42. Rxg6 Kxg6 43. Nf4+ Kf5 44. Nxd5 Bf6 45. h5 Kg5 46. Kc2 Bd8 47. Kd2 Kxh5 48. Nf4+ Kg4 49. Ne6 Bf6 50. Ke2 h5 51.
Kf2 h4 52. Kg2 h3+ 53. Kh1 Be5 54. Nf8 Kf3 55. Nd7 Bc7 56. Nf6 Ke2 57. Nd5 Be5 58.
Nb4 Bd6 59. Nd5 Kxd3 60. Nxb6 Kc2 61. Nd5 d3 62. Ne3+ Kxb2 63. Nc4+ Ka1 64. a4 Bf4 65. a5 d2 66. Nxd2 Bxd2 67. Kh2 Bxa5 0-1

[Event "Late-Titled-Tuesday-Blitz-March-26-2024"]
[Site "Chess.com"]
[Date "2024.03.26"]
[Round "5"]
[White "TanitoluwaAps116"]
[Black "ExtremeLearner"]
[Result "1-0"]
[WhiteElo "2826"]
[BlackElo "2550"]
[TimeControl "180+1"]
[EndTime "14:59:02 PDT"]
[Termination "TanitoluwaAps116 won by checkmate"]

1. e4 e6 2. d4 d5 3. exd5 exd5 4. Nf3 Nf6 5. Bd3 Be7 6. O-O O-O 7.
c3 Re8 8. Bg5 h6 9. Bh4 Ne4 10.
Bxe7 Qxe7 11. Nbd2 Nxd2 12. Qxd2 Be6 13. Rae1 Nd7 14.
Qf4 c6 15. Ne5 Qf6 16. Qg3 Nf8 17. f4 Bf5 18. Ng4 Bxg4 19. Qxg4 Ne6 20. Re5 c5 21. Rfe1 cxd4 22. cxd4 Kf8 23. f5 Ng5 24. Qf4 Red8 25. h4 Ne6 26. Rxe6 fxe6 27. Rxe6 Qf7 28. Rg6 Rac8 29.
f6 Rc6 30. fxg7+ Kg8 31. Qxh6 Rxg6 32. Bxg6 Qxg7 33. Qg5 Rd6 34. h5 Qxd4+ 35. Kh2 Qf6 36. Qg4 Kh8 37. g3 Qf2+ 38. Kh3 Qf1+ 39. Kh4 Qh1+ 40.
Kg5 Qc1+ 41. Kh4 Qh1+ 42. Kg5 Qc1+ 43. Qf4 Qxf4+ 44. Kxf4 Kg7 45. g4 d4 46. Bd3 Rb6 47.
b3 Re6 48. g5 Re3 49. h6+ Kg8 50. Bc4+ Kh8 51. g6 Re7 52. g7+ Rxg7 53. hxg7+ Kxg7 54.
Ke4 Kf6 55. Kxd4 Ke7 56. a4 Kd7 57. Kc5 Kc7 58. a5 Kb8 59. b4 Ka8 60. Bd5 Kb8 61.
Kd6 Kc8 62. b5 Kb8 63. Kc5 Kc8 64. Be6+ Kb8 65. Kd6 Ka8 66. Kc7 a6 67. bxa6 bxa6 68. Kb6 Kb8 69. Kxa6 Ka8 70. Kb6 Kb8 71. a6 Ka8 72.
Bg4 Kb8 73. a7+ Ka8 74. Bf3# 1-0

[Event "Late-Titled-Tuesday-Blitz-March-26-2024"]
[Site "Chess.com"]
[Date "2024.03.26"]
[Round "5"]
[White "bilelou"]
[Black "sergiochess83"]
[Result "0-1"]
[WhiteElo "2706"]
[BlackElo "2989"]
[TimeControl "180+1"]
[EndTime "14:59:03 PDT"]
[Termination "sergiochess83 won on time"]

1. e4 e6 2. d4 d5 3. e5 c5 4.
c3 Nc6 5. g3 Bd7 6. Ne2 h5 7. Bh3 h4 8. g4 f6 9. f4 Qb6 10. a4 a6 11. O-O O-O-O 12. Kh1 cxd4 13. cxd4 Kb8 14. Nbc3 Na5 15. Be3 Rc8 16. Rb1 Ne7 17.
b4 Nc4 18. Bg1 Qc7 19. b5 a5 20. b6 Nxb6 21. Nb5 Bxb5 22. Rxb5 Nc4 23. Rf3 Nc6 24. Rfb3 Bb4 25. f5 fxe5 26. fxe6 Rce8 27. Rxd5 Rxe6 28. Bg2 Rhe8 29. Bf2 exd4 30. Bf3 Ne3 31. Bxe3 Rxe3 32. Rxe3 dxe3 33. Rd7 Qb6 34. Qd5 Bd2 35.
Kg2 Rc8 36. Nd4 Rc7 37. Nxc6+ Qxc6 38. Rd8+ Ka7 39. Qd4+ Qc5 40. Qe4 Qc6 41. Qe5 Qc5 42. Qe8 Bb4 43. Ra8+ Kb6 44. Qe6+ Qd6 45. Qxe3+ Rc5 46.
Qe8 Qd2+ 47. Qe2 Qxe2+ 48. Bxe2 Rc3 49. Bf3 h3+ 50. Kg3 Bd6+ 51. Kf2 Rc2+ 52. Ke3 Bxh2 53.
Rh8 Bg1+ 54. Ke4 h2 55. g5 Rc5 56. Kf4 Rc4+ 57. Kf5 Rc5+ 58. Kg6 Be3 59. Kxg7 Rxg5+ 60. Kf7 Rg3 61. Be4 Bg1 62. Rh7 Rc3 63. Ke6 Kc5 64.
Rxb7 Kd4 65. Bh1 Rc4 66. Rd7+ Ke3 67. Rd5 Rxa4 68. Re5+ Kf2 69. Kf5 Kg3 70. Re4 Rxe4 71. Kxe4 Bc5 72. Kd3 Kf2 73. Kc4 Bb4 74. Bd5 Kg1 75.
Kb3 h1=Q 76. Bxh1 Kxh1 0-1

[Event "Late-Titled-Tuesday-Blitz-March-26-2024"]
[Site "Chess.com"]
[Date "2024.03.26"]
[Round "5"]
[White "dealshark"]
[Black "ccccvhhhj"]
[Result "0-1"]
[WhiteElo "2276"]
[BlackElo "2450"]
[TimeControl "180+1"]
[EndTime "14:59:25 PDT"]
[Termination "ccccvhhhj won on time"]

1. e4 e6 2. d4 d5 3. Bd3 dxe4 4. Bxe4 Nf6 5. Bf3 Be7 6. Ne2 c5 7. O-O O-O 8. Nbc3 Nc6 9. Bf4 Nxd4 10. Nxd4 cxd4 11. Nb5 Nd5 12. Bxd5 exd5 13. Qxd4 Bf6 14. Be5 Bxe5 15. Qxe5 Be6 16. Rfd1 Rc8 17. c3 a6 18.
Nd4 Re8 19. Rd2 h6 20. Nxe6 Rxe6 21. Qxd5 Qxd5 22. Rxd5 Re2 23. Rb1 Rce8 24. Kf1 Rc2 25. Rf5 Ree2 26. Rd1 Rxb2 27. Rd8+ Kh7 28. Rxf7 Rec2 29.
g3 h5 30. Rdd7 Kh6 31. h4 Rxa2 32. Rxb7 a5 33. Rf5 a4 34. Rbb5 g6 35. Rf7 Rab2 36.
Rxb2 Rxb2 37. Ra7 Ra2 38. c4 a3 39. c5 Rc2 40. Rxa3 Rxc5 41. Ra6 Rc1+ 42. Kg2 Rc2 43. Kf3 Rc3+ 44. Kg2 Rc2 45. Re6 Rc3 46. Re3 Rc2 47. Kf3 Rc6 48. Re4 Rf6+ 49. Rf4 Ra6 50. Rd4 Ra3+ 51.
Kf4 Ra8 52. Rd3 Rf8+ 53. Ke3 Re8+ 54. Kf3 Rf8+ 55. Kg2 Ra8 56. Rd7 Ra2 57. Rd8 Rb2 58. Rh8+ Kg7 59. Ra8 Kh6 60. Ra3 Rc2 61. Kf3 Rb2 62. Ke3 Rc2 63. f3 Rc8 64. Ra4 Re8+ 65. Re4 Ra8 66. Re6 Ra3+ 67. Ke4 Ra4+ 68. Ke5 Ra5+ 69.
Kf4 Ra4+ 70. Re4 Ra3 71. g4 hxg4 72. fxg4 Ra1 73. Ke5 Rh1 74. g5+ Kh5 75. Kf6 Rf1+ 76. Kg7 Ra1 77. Re7 Ra6 78. Rf7 Kxh4 79. Rf6 Ra7+ 80.
Kxg6 Ra5 81. Rf5 Ra6+ 82. Kg7 Kg4 83. Rb5 Ra7+ 0-1

[Event "Late-Titled-Tuesday-Blitz-March-26-2024"]
[Site "Chess.com"]
[Date "2024.03.26"]
[Round "5"]
[White "Revan_2002"]
[Black "GMBenjaminBok"]
[Result "1/2-1/2"]
[WhiteElo "2649"]
[BlackElo "2969"]
[TimeControl "180+1"]
[EndTime "14:59:41 PDT"]
[Termination "Game drawn - insufficient material"]

1. d4 Nf6 2. c4 e6 3. Nc3 Bb4 4.
Nf3 O-O 5. Bg5 h6 6. Bh4 c5 7.
Rc1 cxd4 8. Nxd4 d5 9. e3 e5 10. Nc2 Bxc3+ 11. bxc3 Be6 12. Bxf6 gxf6 13. Qh5 Kg7 14.
Be2 dxc4 15. O-O f5 16. f4 Nc6 17. e4 Qf6 18. Ne3 exf4 19. Rxf4 Qg5 20. Nxf5+ Bxf5 21. Qxg5+ hxg5 22. Rxf5 f6 23. Bxc4 Ne5 24. Bd5 Rab8 25. c4 b6 26. Rc3 Rbc8 27. Rf1 Rc5 28. Ra3 Rc7 29. Rg3 Rh8 30. Rc3 Rhc8 31. Rb1 Rc5 32.
Rb4 R8c7 33. g3 f5 34. Kg2 f4 35. h4 f3+ 36. Rxf3 Nxf3 37. Kxf3 gxh4 38. gxh4 Kf6 39.
Rb1 Rh7 40. Rh1 Ke5 41. h5 Rc8 42. Kg4 Rg7+ 43. Kh4 Rh8 44. Rf1 Kd4 45. Rf5 Rg2 46. e5 Rxa2 47. e6 Re2 48. Kg5 a5 49. Kf6 a4 50. e7 Re8 51. Rf4+ Kc5 52. Be6 Kd6 53. Bf7 R8xe7 54. c5+ Kxc5 55. Bg6 b5 56. h6 R2e6+ 57. Kg5 Rd6 58. h7 Rd8 59. Kf6 Red7 60. Rf5+ Kb4 61. Bf7 Ka5 62. Bg8 Rxh7 63. Bxh7 a3 64. Rf2 Kb4 65.
Bb1 Kc4 66. Ba2+ Kc3 67. Rf3+ Kb2 68. Be6 Rb8 69. Rb3+ Kc2 70. Rxa3 b4 71. Rf3 b3 72. Rf2+ Kc3 73. Bf5 b2 74. Rf1 Rd8 75. Rf3+ Kb4 76. Rf1 Kc3 77. Rf3+ Kb4 78. Rf4+ Kc5 79. Rf1 Kb4 80.
Ke5 Kc3 81. Rf3+ Kb4 82. Rf4+ Kc3 83. Rf3+ Kb4 84. Rf1 Kc3 85. Be4 Re8+ 86. Kd5 Rxe4 87. Kxe4 Kc2 88. Rf2+ Kb3 89. Rf1 Kc2 90. Rf2+ Kb3 91.
Rxb2+ Kxb2 1/2-1/2

[Event "Late-Titled-Tuesday-Blitz-March-26-2024"]
[Site "Chess.com"]
[Date "2024.03.26"]
[Round "5"]
[White "wild3000"]
[Black "Felix-Rose"]
[Result "0-1"]
[WhiteElo "2407"]
[BlackElo "2263"]
[TimeControl "180+1"]
[EndTime "14:59:50 PDT"]
[Termination "Felix-Rose won by checkmate"]

1. d4 d5 2. c4 e6 3. Nc3 Nf6 4. Nf3 Be7 5. e3 O-O 6. Be2 dxc4 7.
O-O a6 8. Bxc4 b5 9. Be2 Bb7 10.
a4 b4 11. Nb1 Nbd7 12. Nbd2 a5 13. Nc4 c5 14. b3 Rc8 15. Bb2 Bd5 16. Rc1 cxd4 17. Nxd4 Nb6 18. Nb5 Nxc4 19. bxc4 Ba8 20. Qc2 Qb6 21. Bd4 Bc5 22. Qb2 Qd8 23. Rfd1 Qe7 24. Be5 Rfd8 25. h3 Rxd1+ 26. Rxd1 Rd8 27. Rxd8+ Qxd8 28. Bd4 Qe7 29. Bxc5 Qxc5 30. Qd4 Qxd4 31. exd4 Be4 32. c5 b3 33. Nc3 b2 34. Bf3 Nd5 35.
Bxe4 Nxc3 36. Bc2 Kf8 37. Kf1 Ke7 38. Ke1 b1=Q+ 39. Bxb1 Nxb1 40. Ke2 Nc3+ 41. Kd3 Nxa4 42. Kc4 Nb2+ 43. Kb3 Nd3 44. f3 e5 45. Kc4 Nb2+ 46. Kb3 Nd3 47. Kc4 Ne1 48. d5 Kd7 49. Kb5 Nd3 50. c6+ Kc7 51. Kxa5 Nf4 52. Kb5 Nxd5 53.
Kc5 Ne7 54. h4 h6 55. h5 f5 56. g3 f4 57. gxf4 exf4 58. Kd4 Kxc6 59. Ke4 Kd6 60. Kxf4 Ke6 61. Kg4 Kf6 62. Kf4 Nf5 63. Kg4 Ne3+ 64.
Kf4 Nc4 65. Kg4 Ne5+ 66. Kf4 Nc6 67. Kg4 Ne7 68. Kf4 Ke6 69. Kg4 Ng8 70. Kg3 Kf5 71. Kh3 Kg5 72. Kg3 Kxh5 73. Kh3 Kg5 74. Kg3 Nf6 75.
Kh3 Kf4 76. Kh4 Kxf3 77. Kh3 g5 78. Kh2 g4 79. Kg1 g3 80. Kh1 Ne4 81. Kg1 h5 82.
Kh1 h4 83. Kg1 h3 84. Kh1 Nf2+ 85. Kg1 h2+ 86. Kf1 h1=Q# 0-1

[Event "Late-Titled-Tuesday-Blitz-March-26-2024"]
[Site "Chess.com"]
[Date "2024.03.26"]
[Round "5"]
[White "GodzillaChessYoutube"]
[Black "jcibarra"]
[Result "0-1"]
[WhiteElo "2709"]
[BlackElo "2990"]
[TimeControl "180+1"]
[EndTime "14:59:55 PDT"]
[Termination "jcibarra won on time"]

1. d4 Nf6 2. Bf4 d5 3. e3 c5 4. Nc3 cxd4 5. exd4 Bg4 6. f3 Bd7 7. Nb5 Bxb5 8. Bxb5+ Nc6 9. c3 e6 10. a4 Rc8 11.
Ne2 Bd6 12. O-O O-O 13. Qd2 Na5 14. Rae1 a6 15. Bd3 Bxf4 16. Nxf4 Qd7 17. Qc2 g6 18.
Ne2 Rfe8 19. Kh1 Nc6 20. Qd2 Na5 21. Qc2 Kg7 22. Ra1 Nc6 23. Qd2 Na5 24. Ra3 Rc6 25. Rd1 Nc4 26. Bxc4 dxc4 27. a5 Rd6 28. Qc2 e5 29. Qa4 exd4 30. Qxd7 Nxd7 31. Nxd4 Nc5 32. Kg1 Rd5 33. Kf1 Nd3 34. b4 Rde5 35. Raa1 Re3 36.
Rab1 Nf4 37. Rbc1 R8e5 38. Rc2 Nd5 39. Rdc1 Rd3 40. Ne2 Ne3+ 41. Kf2 Nxc2 42. Rxc2 Ree3 43. h4 h5 44. Kg3 Re7 45. Kf2 Red7 46. Ke1 Re3 47.
Kf2 Rdd3 48. Rc1 Re8 49. Rc2 Rd1 50. Nd4 Ree1 51. Ne2 Rf1+ 52. Ke3 Rd3+ 53. Ke4 Rf2 54. Kf4 Rxg2 55. Ke4 Rh2 56. Kf4 Rxh4+ 57. Kg3 Rh1 58. Nf4 Rd7 59. Re2 Rc1 60. Re3 Rdd1 61. Ne2 Re1 62.
Kf2 Rxe2+ 63. Kxe2 h4 64. f4 Rg1 65. Kf2 Rg3 66. Re7 Rxc3 67. Rxb7 h3 68. b5 Rc2+ 69. Kg1 axb5 70. a6 Ra2 71. a7 c3 72. Rxb5 Rxa7 73.
Rc5 Ra1+ 74. Kh2 Rc1 75. Kxh3 Kf6 76. Kg2 Ke6 77. Kh2 Kd6 78. Rc8 Kd5 79. Rc7 f5 80. Kg2 Ke4 81. Rc4+ Ke3 82. Rc6 Kd3 83. Rxg6 Re1 84.
Rd6+ Kc4 85. Rc6+ Kb3 86. Rb6+ Kc4 87. Rc6+ Kd4 88. Rd6+ Ke3 89. Rc6 Kd2 90. Rd6+ Kc1 91. Rc6 c2 92. Kh2 Re3 93. Rb6 Kd2 94. Rd6+ Rd3 95.
Rc6 c1=Q 96. Rxc1 Kxc1 0-1

[Event "Late-Titled-Tuesday-Blitz-March-26-2024"]
[Site "Chess.com"]
[Date "2024.03.26"]
[Round "6"]
[White "BebeBonito2022"]
[Black "crazycheesecake"]
[Result "1-0"]
[WhiteElo "2298"]
[BlackElo "2032"]
[TimeControl "180+1"]
[EndTime "15:02:14 PDT"]
[Termination "BebeBonito2022 won by checkmate"]

1. d4 d5 2. c4 e6 3. Nc3 Nf6 4. cxd5 exd5 5. Bg5 c6 6. e3 Be7 7. Bd3 Nbd7 8. Nge2 h6 9. Bh4 Nh5 10. Bxe7 Qxe7 11. O-O Nhf6 12. Qc2 O-O 13. Rae1 Qd8 14. f3 Re8 15. e4 dxe4 16. fxe4 b6 17. e5 Nd5 18. Nxd5 cxd5 19. Qc6 Rb8 20. Qxd5 Bb7 21. Qxf7+ Kh8 22. Qg6 Kg8 23. Qh7# 1-0

[Event "Late-Titled-Tuesday-Blitz-March-26-2024"]
[Site "Chess.com"]
[Date "2024.03.26"]
[Round "6"]
[White "BabageldiAnnaberdiyev"]
[Black "KingCrusher275"]
[Result "1-0"]
[WhiteElo "2639"]
[BlackElo "2479"]
[TimeControl "180+1"]
[EndTime "15:02:57 PDT"]
[Termination "BabageldiAnnaberdiyev won by resignation"]

1. e4 e5 2. Nf3 Nf6 3. d4 Nxe4 4. Bd3 d5 5. Nxe5 Nd7 6. O-O Nxe5 7. dxe5 Nc5 8. f4 Nxd3 9. cxd3 g6 10. d4 Be7 11.
Nc3 O-O 12. Be3 h5 13. f5 Bxf5 14. Rxf5 gxf5 15. Qxh5 Qd7 16. Rf1 Qe6 17. Rxf5 Qg6 18. Nxd5 Rfe8 19. Nxe7+ Rxe7 20. Rg5 1-0

[Event "Late-Titled-Tuesday-Blitz-March-26-2024"]
[Site "Chess.com"]
[Date "2024.03.26"]
[Round "6"]
[White "Bryanl106"]
[Black "artooon"]
[Result "0-1"]
[WhiteElo "2680"]
[BlackElo "3023"]
[TimeControl "180+1"]
[EndTime "15:03:01 PDT"]
[Termination "artooon won by resignation"]

1. e4 Nf6 2. e5 Nd5 3. d4 Nb6 4.
c4 d6 5. exd6 cxd6 6. Nc3 g6 7.
Be3 Bg7 8. b3 O-O 9. Rc1 Nc6 10.
d5 Ne5 11. Be2 h5 12. h3 e6 13. dxe6 Bxe6 14. Nf3 d5 15. c5 Nxf3+ 16. Bxf3 d4 17.
cxb6 dxe3 18. Qxd8 exf2+ 19. Kxf2 Rfxd8 20. Nb5 axb6 21. Rc2 Bf5 22. Re2 Bd3 23. Re7 Rxa2+ 24. Kg3 Bxb5 25. Rxb7 Be5+ 26. Kh4 Rd4+ 27. Kg5 Kg7 0-1

[Event "Late-Titled-Tuesday-Blitz-March-26-2024"]
[Site "Chess.com"]
[Date "2024.03.26"]
[Round "6"]
[White "ural58"]
[Black "rikchessmx"]
[Result "1-0"]
[WhiteElo "2471"]
[BlackElo "2295"]
[TimeControl "180+1"]
[EndTime "15:03:03 PDT"]
[Termination "ural58 won by resignation"]

1. e4 e5 2. f4 Nc6 3. Nf3 exf4 4. d4 g5 5. d5 Nb8 6. Qd4 Qf6 7. e5 Qg7 8. Nc3 h6 9. Nb5 Kd8 10. Bd2 c6 11.
Ba5+ b6 12. Bxb6+ axb6 13. Qxb6+ Ke7 14. d6+ Ke6 15. Nc7+ Kf5 16. Bd3+ Kg4 17. h3+ Kh5 18. Nxa8 f6 19. Qxb8 fxe5 20. Qxc8 Bxd6 21. Qe8+ 1-0

[Event "Late-Titled-Tuesday-Blitz-March-26-2024"]
[Site "Chess.com"]
[Date "2024.03.26"]
[Round "6"]
[White "Oleg_Papayan"]
[Black "GAO"]
[Result "1-0"]
[WhiteElo "2636"]
[BlackElo "2344"]
[TimeControl "180+1"]
[EndTime "15:03:11 PDT"]
[Termination "Oleg_Papayan won by resignation"]

1. e4 c5 2. Nf3 Nc6 3. Bb5 g6 4. O-O Bg7 5. c3 Nf6 6. Re1 O-O 7. d4 d5 8. e5 Ne4 9. Bxc6 bxc6 10. Be3 Bg4 11.
h3 Bxf3 12. gxf3 cxd4 13. cxd4 f5 14. fxe4 fxe4 15. Qg4 Rf3 16. Nd2 Rf5 17. Rac1 Qd7 18. Nf1 Qb7 19. b3 Rf3 20. Qe6+ Kh8 21. Qxc6 Qb8 22. Qxd5 Rxh3 23. Ng3 Qf8 24. Qxe4 Rd8 25. Kg2 1-0

[Event "Late-Titled-Tuesday-Blitz-March-26-2024"]
[Site "Chess.com"]
[Date "2024.03.26"]
[Round "6"]
[White "dianamirza"]
[Black "le-castor-faineant"]
[Result "1-0"]
[WhiteElo "1987"]
[BlackElo "2271"]
[TimeControl "180+1"]
[EndTime "15:03:11 PDT"]
[Termination "dianamirza won by resignation"]

1. e4 e5 2. Nf3 Nf6 3. Nxe5 d6 4.
Nf3 Nxe4 5. Nc3 d5 6. d4 Nxc3 7. bxc3 Bd6 8. Bd3 O-O 9. O-O h6 10. Re1 Bg4 11. h3 Be6 12. Ne5 Nd7 13. f4 c5 14. Qf3 c4 15. Bf1 Nf6 16. f5 Bd7 17.
g4 Ne4 18. Rxe4 dxe4 19. Qxe4 Re8 20. Bf4 f6 21. Qd5+ Be6 22. fxe6 Qc7 23. e7+ Kh7 24. Qe4+ Kg8 25. Bxc4+ 1-0

[Event "Late-Titled-Tuesday-Blitz-March-26-2024"]
[Site "Chess.com"]
[Date "2024.03.26"]
[Round "6"]
[White "deepfear"]
[Black "roxannyzoldyck"]
[Result "1-0"]
[WhiteElo "1965"]
[BlackElo "2189"]
[TimeControl "180+1"]
[EndTime "15:03:32 PDT"]
[Termination "deepfear won by resignation"]

1. e4 c5 2. Nc3 Nc6 3. g3 g6 4.
Bg2 Bg7 5. d3 e6 6. Be3 Nge7 7.
Qd2 d6 8. Nf3 O-O 9. Bh6 Rb8 10. h4 d5 11. h5 dxe4 12. Nxe4 Nf5 13. Bxg7 Kxg7 14. hxg6 hxg6 15. g4 Rh8 16. Rxh8 Qxh8 17.
gxf5 exf5 18. Qc3+ Kg8 19. Nf6+ Kf8 20. Qxc5+ Ne7 21.
Nd5 1-0

[Event "Late-Titled-Tuesday-Blitz-March-26-2024"]
[Site "Chess.com"]
[Date "2024.03.26"]
[Round "6"]
[White "lluiss"]
[Black "wild3000"]
[Result "0-1"]
[WhiteElo "2219"]
[BlackElo "2411"]
[TimeControl "180+1"]
[EndTime "15:03:39 PDT"]
[Termination "wild3000 won by resignation"]

1. Nf3 a5 2. e4 a4 3. d4 e6 4. Bd3 b6 5. O-O Bb7 6. c4 Nc6 7. a3 Nf6 8. d5 Na5 9. Bg5 Be7 10. e5 Nb3 11. Ra2 Ng4 12. Bxe7 Qxe7 13. Bc2 Nc5 14. Nc3 O-O 15. Ne4 exd5 16. cxd5 Nxe5 17.
Nxc5 Nxf3+ 18. Qxf3 Qxc5 19. Be4 f5 0-1

[Event "Late-Titled-Tuesday-Blitz-March-26-2024"]
[Site "Chess.com"]
[Date "2024.03.26"]
[Round "6"]
[White "HelenaWalker2912"]
[Black "Mikayel99"]
[Result "1-0"]
[WhiteElo "2506"]
[BlackElo "2545"]
[TimeControl "180+1"]
[EndTime "15:03:40 PDT"]
[Termination "HelenaWalker2912 won by resignation"]

1. d4 e6 2. c4 Nf6 3. Nc3 b6 4. e4 Bb7 5. Bd3 c5 6. d5 a6 7. a4 d6 8. Nf3 Be7 9. O-O O-O 10. h3 Nbd7 11. Be3 Ne8 12. a5 b5 13. cxb5 exd5 14. exd5 Nc7 15. b6 Nxd5 16. Nxd5 Bxd5 17. Bxh7+ Kxh7 18. Qxd5 Nf6 19. Qd3+ g6 20. Rfd1 Qd7 21. Bxc5 Qe6 22. Ng5+ 1-0